 Dungeon Crawl Stone Soup version 0.26-a0-708-g17f3b190f9 (webtiles) character file.

Game seed: 10560609381754123478

3 yilan the Ducker (level 1, -1/16 HPs)
             Began as an Octopode Berserker on Oct 28, 2020.
             Was a Follower of Trog.
             Slain by a hobgoblin (4 damage)
             ... on level 1 of the Dungeon.
             The game lasted 00:01:28 (128 turns).

yilan the Ducker (Octopode Berserker)                Turns: 128, Time: 00:01:28

Health: -1/16      AC:  1    Str: 16    XL:     1   Next: 50%
Magic:  1/1        EV: 13    Int:  9    God:    Trog [*.....]
Gold:   0          SH:  0    Dex: 11    Spells: 0/0 levels left

rFire    . . .     SeeInvis .     - Unarmed
rCold    . . .     Faith    .   (no shield)
rNeg     . . .     Spirit   .   (helmet restricted)
rPois    .         Reflect  .   (no amulet)
rElec    .         Harm     .   (no ring)
rCorr    .         Rampage  .   (no ring)
MR       .....                  (no ring)
Stlth    ++........             (no ring)
HPRegen  0.05/turn              (no ring)
MPRegen  0.07/turn              (no ring)
                                (no ring)
                                (no ring)

@: lightly drained
A: almost no armour, stealthy swim, amphibious, 8 rings, constrict 8, camouflage
1, gelatinous body 1
a: Berserk, Renounce Religion


You were on level 1 of the Dungeon.
You worshipped Trog.
Trog was aware of your devotion.
You visited 1 branch of the dungeon, and saw 1 of its levels.

Inventory:

Scrolls
 a - a scroll of immolation {unknown}
Potions
 b - a potion of heal wounds {unknown}


   Skills:
 + Level 3.0(2.5) Fighting
 + Level 3.1(2.5) Dodging
 + Level 3.0(2.5) Unarmed Combat


You couldn't memorise any spells.
You didn't know any spells.
Your spell library was empty.

Dungeon Overview and Level Annotations

Branches:
Dungeon (1/15)

Altars:


Innate Abilities, Weirdness & Mutations

You cannot wear most types of armour.
You are very stealthy in the water. (Stealth+)
You are amphibious.
You can wear up to eight rings at the same time.
You can use your tentacles to constrict eight enemies at once.
Your skin changes colour to match your surroundings (Stealth+).
Your rubbery body absorbs attacks. (AC +1, EV +1)


Message History

The kobold shouts!
The hobgoblin shouts!
The bat closely misses you.
You see here 15 bolts.
You tentacle-slap the bat but do no damage.
You grab the bat. You squeeze the bat, but do no damage. You constrict the bat.
The bat closely misses you.
The bat escapes!
You tentacle-slap the kobold. Your grab misses the kobold.
The kobold is heavily wounded.
The bat hits you.
The kobold hits you with a +2 short sword of draining.
You feel drained. The bat barely misses you.
You closely miss the kobold. You grab the kobold.
The kobold is moderately wounded.
You constrict the kobold. The bat misses you.
The kobold hits you with a +2 short sword of draining.
* * * LOW HITPOINT WARNING * * *
You feel drained.
* * * LOW HITPOINT WARNING * * *
You release your grip on the kobold.
The hobgoblin hits you.
You die...

#.# #.## #..#
##.# #.## #..#
. #.###.####...
#............
#######@g####..
+......bK......
########..###.#
#.# .# .# .#


You could see a hobgoblin, a bat and a kobold.

Vanquished Creatures
  A bat (D:1)
  A hobgoblin (D:1)
  A kobold (D:1)
3 creatures vanquished.

Notes
Turn   | Place    | Note
-------+----------+-------------------------------------------
     0 | D:1      | yilan the Octopode Berserker began the quest for the Orb.
     0 | D:1      | Reached XP level 1. HP: 16/16 MP: 1/1
   128 | D:1      | Slain by a hobgoblin

Illustrated notes

Levels and vault maps discovered:
D:1:      minmay_arrival_hallway, layout_basic, grunt_decor_fettered,
          minmay_worlds_worst_comb

Action                   || total
-------------------------++-------
Melee: Unarmed           ||    11
       Constrict         ||     4
       Tentacles         ||     3
Armor: Skin              ||     2
Dodge: Dodged            ||    14

Table legend: (Time is in decaauts)
 A = Elapsed time spent in this place.
 B = Non-inter-level travel time spent in this place.
 C = Inter-level travel time spent in this place.
 D = Time resting spent in this place.
 E = Time spent auto-exploring this place.
 F = Levels seen in this place.
 G = Mean time per level.
                   A        B        C        D        E       F      G
               +--------+--------+--------+--------+--------+-----+--------+
         Total |    127 |    127 |      0 |      0 |     97 |   1 |  127.0 |
       Dungeon |    127 |    127 |      0 |      0 |     97 |   1 |  127.0 |
               +--------+--------+--------+--------+--------+-----+--------+

Top non-repeatable levels by time:
     D:1: 127 daAuts
